 Dungeon Crawl Stone Soup version 0.30-b1-2-g02819fbbbe (webtiles) character file.

Game seed: 18408552592837423083

357978 MackTheKnife the Eclecticist (level 21, -1/174 HPs)
             Began as a White Draconian Venom Mage on May 9, 2023.
             Was an Initiate of Gozag.
             Slain by a tengu reaver
             ... wielding a +0 bardiche
              (46 damage)
             ... on level 3 of the Vaults on May 10, 2023.
             The game lasted 02:55:42 (75563 turns).

MackTheKnife the Eclecticist (DrVM)                Turns: 75563, Time: 02:55:43

Health: -1/174     AC: 21    Str: 13    XL:     21   Next: 42%
Magic:  24/42      EV: 18    Int: 25    God:    Gozag
Gold:   6755       SH: 16    Dex: 20    Spells: 3/54 levels left

rFire   + + +        b - +9 demon trident (elec) {polearm}
rCold   + + +        U - +2 shield of Resistance {rF++ rC++ Will++}
rNeg    + + .        (body armour unavailable)
rPois   +            C - +2 hat
rElec   +            e - +2 cloak {rF+}
rCorr   .            E - +1 pair of gloves of Instinct {rN+ Dex+2}
SInv    .            v - +2 pair of boots {Fly}
Will    +++++        J - amulet of the Four Winds {rN+ Will+++ Clar}
Stlth   ++++         W - ring "Zoer" {rPois Int+4 Stlth+}
HPRegen 0.49/turn    P - ring "Wawkuif" {Contam Fly rElec rPois Dex+3}
MPRegen 0.28/turn

%: clarity
@: flying, very slightly contaminated
A: breathe frost, AC +11, unfitting armour, cold resistance 1, cold-blooded
}: 2/15 runes: serpentine, barnacled
a: Breathe Frost, Renounce Religion, Potion Petition, Call Merchant, Bribe
Branch


You were on level 3 of the Vaults.
You worshipped Gozag.
Gozag was greatly pleased with you.
You visited 8 branches of the dungeon, and saw 37 of its levels.
You visited 1 bazaar.
You also visited: Sewer, Ossuary, Ice Cave, Volcano and Desolation.

You collected 18919 gold pieces.
You spent 6605 gold pieces at shops.
You paid 5559 gold pieces to Gozag.


Innate Abilities, Weirdness & Mutations

You can breathe waves of freezing cold which knock back foes.
Your icy white scales are hard. (AC +11)
You cannot fit into any form of body armour.
Your flesh is cold resistant. (rC+)
You are cold-blooded and may be slowed by cold attacks.


   Skills:
 - Level 12.0 Fighting
 - Level 5.0 Short Blades
 + Level 9.3 Polearms
 - Level 10.0 Dodging
 - Level 4.0 Stealth
 - Level 15.0 Shields
 - Level 17.0 Spellcasting
 - Level 16.5 Conjurations
 - Level 5.0 Hexes
 - Level 15.0 Summonings
 - Level 10.0 Necromancy
 - Level 4.0 Translocations
 - Level 5.0 Transmutations
 - Level 4.4 Air Magic
 - Level 8.0 Earth Magic
 - Level 6.2 Poison Magic


You had 3 spell levels left.
You knew the following spells:

 Your Spells              Type           Power      Damage    Failure   Level
a - Wereblood             Tmut           46%        N/A       1%          2
b - Passage of Golubria   Tloc           41%        N/A       9%          4
c - Borgnjor's Vile Clut  Necr/Erth      30%        N/A       3%          5
d - Death Channel         Necr           31%        N/A       11%         6
e - Summon Forest         Summ/Tloc      31%        N/A       2%          5
f - Irradiate             Conj/Tmut      33%        3d22      1%          5
g - Iron Shot             Conj/Erth      35%        9d7       4%          6
h - Spellforged Servitor  Conj/Summ      39%        N/A       6%          7
i - Summon Cactus Giant   Summ           38%        N/A       1%          6
j - Yara's Violent Unrav  Hex/Tmut       23%        3d10      16%         5

Your spell library contained the following spells:

 Spells                   Type           Power      Damage    Failure   Level
 Magic Dart               Conj           100%       1d8       0%          1
 Searing Ray              Conj           100%       2d8       0%          2
 Beastly Appendage        Tmut           92%        N/A       1%          1
 Foxfire                  Conj/Fire      100%       2x1d9     1%          1
 Kiss of Death            Conj/Necr      100%       2d13      1%          1
 Sting                    Tmut/Pois      100%       1d8       1%          1
 Cigotuvi's Dreadful Rot  Necr/Pois/Air  100%       N/A       1%          2
 Poisonous Vapours        Pois/Air       94%        N/A       1%          2
 Sublimation of Blood     Necr           63%        N/A       1%          2
 Call Canine Familiar     Summ           77%        N/A       1%          3
 Confusing Touch          Hex            46%        N/A       1%          3
 Hailstorm                Conj/Ice       58%        3d13      1%          3
 Mephitic Cloud           Conj/Pois/Air  61%        N/A       1%          3
 Spider Form              Tmut/Pois      49%        N/A       1%          3
 Tukima's Dance           Hex            46%        N/A       1%          3
 Vampiric Draining        Necr           63%        2d10      1%          3
 Ensorcelled Hibernation  Hex/Ice        66%        N/A       2%          2
 Ignite Poison            Fire/Tmut/Pois 39%        N/A       3%          3
 Freeze                   Ice            84%        1d9       4%          1
 Volatile Blastmotes      Fire/Tloc      62%        2d15      6%          3
 Scorch                   Fire           42%        2d6       7%          2
 Ozocubu's Armour         Ice            21%        N/A       13%         3
 Anguish                  Hex/Necr       28%        N/A       1%          4
 Dispel Undead            Necr           63%        3d22      1%          4
 Flame Wave               Conj/Fire      58%        2d14      1%          4
 Fulminant Prism          Conj/Hex       33%        3d15      1%          4
 Iskenderun's Mystic Bla  Conj/Tloc      64%        2d13      1%          4
 Summon Ice Beast         Ice/Summ       56%        N/A       1%          4
 Iskenderun's Battlesphe  Conj           81%        2d13      1%          5
 Summon Mana Viper        Hex/Summ       63%        N/A       1%          5
 Olgreb's Toxic Radiance  Pois           51%        N/A       3%          4
 Petrify                  Tmut/Erth      52%        N/A       3%          4
 Fireball                 Conj/Fire      29%        3d13      4%          5
 Monstrous Menagerie      Summ           38%        N/A       8%          7
 Conjure Ball Lightning   Conj/Air       32%        3x3d10    10%         6
 Alistair's Intoxication  Tmut/Pois      32%        N/A       12%         5
 Starburst                Conj/Fire      29%        6d9       22%         6
 Statue Form              Tmut/Erth      34%        N/A       43%         6
 Eringya's Noxious Bog    Tmut/Pois      24%        N/A       56%         6
 Plasma Beam              Fire/Air       16%        2x1d30    95%         6
 Borgnjor's Revivificati  Necr           31%        N/A       99%         8
 Discord                  Hex            23%        N/A       100%        8
 Disjunction              Tloc           20%        N/A       100%        8
 Polar Vortex             Ice            10%        N/A       100%        9
 Animate Dead             Necr           Unusable   N/A       N/A         4
 Simulacrum               Ice/Necr       Unusable   N/A       N/A         6

Inventory:

Hand Weapons
 b - a +9 demon trident of electrocution (weapon) {polearm}
   (You took it off Louise on level 14 of the Dungeon)
 w - the +5 hand axe of the Evening {venom, Int+4, axe}
   (You found it on level 3 of the Vaults)

   Int:       It affects your intelligence (+4).
Armour
 e - a +2 cloak of fire resistance (worn)
   (You found it in a volcano)
 v - a +2 pair of boots of flying (worn)
   (You found it on level 4 of the Shoals)
 C - a +2 hat (worn)
   (You found it on level 8 of the Dungeon)
 E - the +1 pair of gloves of Instinct (worn) {rN+ Dex+2}
   (You found it on level 1 of the Vaults)

   Dex:       It affects your dexterity (+2).
   rN:        It protects you from negative energy.
 U - the +2 shield of Resistance (worn) {rF++ rC++ Will++}
   (You found it on level 12 of the Dungeon)

   rF:        It greatly protects you from fire.
   rC:        It greatly protects you from cold.
   Will:      It greatly increases your willpower.
Jewellery
 a - a ring of ice
   (You found it on level 1 of the Elven Halls)
 y - the ring "Satzex" {MP+9 SInv}
   (You found it on level 3 of the Vaults)

   [ring of magical power]

   MP:        It affects your magic capacity (+9).
   SInv:      It lets you see invisible.
 J - the amulet of the Four Winds (around neck) {rN+ Will+++ Clar}
   (You bought it in a shop on level 1 of the Orcish Mines)

   [amulet of nothing]

   rN:        It protects you from negative energy.
   Clar:      It protects you from confusion, rage, mesmerisation and fear.
   Will:      It greatly increases your willpower.
 P - the ring "Wawkuif" (right hand) {Contam Fly rElec rPois Dex+3}
   (You found it in a bazaar)

   [ring of flight]

   Dex:       It affects your dexterity (+3).
   rElec:     It insulates you from electricity.
   rPois:     It protects you from poison.
   Fly:       It grants you flight.
   Contam:    It causes magical contamination when unequipped.
 Q - a ring of the Octopus King {rN+ HP+2 AC+2 EV+2 SH+2}
   (You bought it in a shop on level 1 of the Orcish Mines)

   [ring of positive energy]

   AC:        It affects your AC (+2).
   EV:        It affects your evasion (+2).
   rN:        It protects you from negative energy.
   HP:        It affects your health (+2).
   SH:        It affects your SH (+2).
 W - the ring "Zoer" (left hand) {rPois Int+4 Stlth+}
   (You found it in the Desolation of Salt)

   [ring of poison resistance]

   Int:       It affects your intelligence (+4).
   rPois:     It protects you from poison.
   Stlth:     It makes you more stealthy.
Wands
 j - a wand of iceblast (32)
   (You found it on level 2 of the Dungeon)
 n - a wand of paralysis (8)
   (You found it on level 2 of the Elven Halls)
 q - a wand of digging (7)
   (You found it on level 7 of the Dungeon)
 B - a wand of mindburst (5)
   (You found it on level 4 of the Snake Pit)
 N - a wand of polymorph (3)
   (You found it on level 1 of the Lair of Beasts)
Scrolls
 c - a scroll of butterflies
 i - 13 scrolls of teleportation {@r4}
 k - 4 scrolls of fear
 p - 7 scrolls of amnesia
 s - 3 scrolls of blinking {!r}
 t - a scroll of brand weapon
 x - 6 scrolls of poison {!r}
 z - 8 scrolls of immolation {!r!r}
 F - 4 scrolls of fog
 G - 4 scrolls of enchant armour
 R - 11 scrolls of identify {@r1}
 S - 3 scrolls of magic mapping {!r}
Potions
 d - 3 potions of attraction {!q}
 f - 5 potions of invisibility
 g - 8 potions of brilliance
 h - 6 potions of lignification {!q}
 l - 8 potions of mutation {!q}
 m - 7 potions of magic
 o - 15 potions of heal wounds {@q2}
 r - 3 potions of haste {@q3}
 u - 8 potions of curing {@q1}
 A - 2 potions of cancellation
 D - 12 potions of ambrosia
 H - 2 potions of resistance
 I - 3 potions of flight
 K - 3 potions of berserk rage {!q}
 M - 10 potions of might
Miscellaneous
 L - a piece from Xom's chessboard (15/15)
   (You found it on level 5 of the Lair of Beasts)
 O - a tin of tremorstones (2/2) {throwing}
   (You found it on level 2 of the Shoals)
 V - a lightning rod (4/4)
   (You found it on level 12 of the Dungeon)
 Z - a phial of floods
   (You found it on level 1 of the Snake Pit)

Dungeon Overview and Level Annotations

Branches:
Dungeon (15/15) Zot: 23202  Temple (1/1) D:6 Zot: 5981    Lair (5/5) D:11 Zot: 17127
 Shoals (4/4) Lair:2 Zot: 16112   Snake (4/4) Lair:2 Zot: 14549   Slime (0/5) Lair:4
    Orc (2/2) D:10 Zot: 6922     Elf (2/3) Orc:2 Zot: 9558  Vaults (4/5) D:13 Zot: 15439
  Crypt (0/3) Vaults:3     Depths (0/4) D:15          Sewer (visited)
Ossuary (visited)           IceCv (visited)         Volcano (visited)
Desolation (visited)

Altars:
Ashenzari
Cheibriados
Dithmenos
Fedhas
Gozag
Hepliaklqana
Kikubaaqudgha
Makhleb
Okawaru
Ru
Sif Muna
Uskayaw
Vehumet
Wu Jian
Xom
Yredelemnul
The Shining One
Jiyva

Shops:
D:5 :   Orc:1 [=   Orc:2 ((!(   Lair:1 ([   Lair:2 [*   Shoals:1 :?(
Shoals:3 [*   Vaults:3 ([

Annotations:
D:4 2 transporters, PanSaczeczos's ghost, novice KoAE
D:8 Gastronok
D:9 exclusion: acid dragon
D:12 1 runed translucent door, Raspi's ghost, journeyman MiBe
Elf:2 3 runed translucent doors

...#..#....<.....#
...#..#..........#
...#..#..........#
...#..#..........#
...#..#..........#
####..##########'###
......# #.......#
......# #.......#
......# #....@..#
......# #...>...#
......# #..Q....#
......# #.....9.#
......# #########
......#########
......'.......#
......#.......#
......#.......#


You could see a tengu reaver (strong, clutched, ally target) and a friendly
spellforged servitor (summoned).


Message History

You block the entropy weaver's attack. x3
The entropy weaver hits you but does no damage.
The tengu reaver hits you from afar with a bardiche!!
A vault sentinel comes into view. It is wielding a +0 falchion.
The ironbound convoker points at the ironbound convoker and mumbles some strange words.
The ironbound convoker seems to grow stronger.
The ironbound convoker completely misses you.
The entropy weaver hits you. The entropy weaver closely misses you.
The entropy weaver hits you but does no damage. x2
An entropy weaver, a tengu reaver and an ironbound convoker come into view.
The tengu reaver is wielding a +0 bardiche and wearing a +4 scale mail of fire resistance.
The ironbound convoker is wielding a +1 flail of holy wrath. 😕 HP[-31] MP[-5]
You take 31 damage, and now have 143/174 hp.
You lost 5 mp, and now have 32/42 mp.
As you read the scroll of fear, it crumbles to dust.
You assume a fearsome visage.
The entropy weaver looks frightened!
The tengu reaver easily resists.
The ironbound convoker looks frightened!
The vault sentinel looks frightened!
The ironbound convoker looks frightened!
The tengu reaver hits you from afar with a +0 bardiche.
You block the tengu reaver's attack.
Cornered, the ironbound convoker turns to fight! 😕 HP[-3] MP[+1]
You take 3 damage, and now have 140/174 hp.
Unknown command.
Unknown command.
You block the tengu reaver's attack. x3
There is a stone staircase leading up here.
Unknown command.
The tengu reaver casts a spell at you. The bolt of poison hits you! You resist.
The ironbound convoker gestures at the tengu reaver while chanting.
The tengu reaver seems to grow stronger.
You block the tengu reaver's attack. x3
You fly upwards.
There is a stone staircase leading down here.
Unknown command. 😕 HP[-9] MP[+1]
You take 9 damage, and now have 131/174 hp.
You puncture the tengu reaver!
You tail-slap the tengu reaver, but do no damage.
The tengu reaver hits you with a +0 bardiche!!
The tengu reaver closely misses you.
You block the tengu reaver's attack. 😮 HP[-29]
You take 29 damage, and now have 102/174 hp.
You hit the tengu reaver.
You feel yourself speed up. The tengu reaver closely misses you.
The tengu reaver pecks you!
You block the tengu reaver's attack. 😮 HP[-11] MP[+1]
You take 11 damage, and now have 91/174 hp.
You hit the tengu reaver but do no damage.
Your tail-slap misses the tengu reaver.
The tengu reaver hits you with a +0 bardiche!
* * * LOW HITPOINT WARNING * * *
You block the tengu reaver's attack. x2 😨 HP[-13]
You take 13 damage, and now have 78/174 hp.
You closely miss the tengu reaver.
Your tail-slap misses the tengu reaver.
You block the tengu reaver's attack.
The tengu reaver pecks you but does no damage.
The tengu reaver claws you!
* * * LOW HITPOINT WARNING * * *
😨 HP[-8]
You take 8 damage, and now have 70/174 hp.
You puncture the tengu reaver!
The tengu reaver hits you with a +0 bardiche!
* * * LOW HITPOINT WARNING * * *
You block the tengu reaver's attack.
The tengu reaver barely misses you. 😨 HP[-11] MP[+1]
You take 11 damage, and now have 59/174 hp.
Unknown command.
Casting: Yara's Violent Unravelling (dangerous; 16% risk of failure)
Confirm with . or Enter, or press ? or * to list all spells.
You summon a servant imbued with your destructive magic!
You block the tengu reaver's attack. x2; The tengu reaver claws you.
* * * LOW HITPOINT WARNING * * *
😨 HP[-3] MP[-7]
You take 3 damage, and now have 56/174 hp.
You lost 7 mp, and now have 29/42 mp.
Unknown command.
The tengu reaver gestures at you while chanting.
The bolt of poison hits you! You resist.
* * * LOW HITPOINT WARNING * * *
Your spellforged servitor gestures at the tengu reaver while chanting.
The iron shot hits the tengu reaver!! 😨 HP[-12]
You take 12 damage, and now have 44/174 hp.
Unknown command.
Casting: Spellforged Servitor (dangerous; 6% risk of failure)
Confirm with . or Enter, or press ? or * to list all spells.
Aiming: Borgnjor's Vile Clutch (mildly dangerous; 3% risk of failure)
Press: ? - help, Shift-Dir - straight line, f - tengu reaver
Aim: a tengu reaver, wielding a +0 bardiche and wearing a +4 scale mail of fire resistance (heavily wounded, strong, not watching you, ally target, 100% to hit)
Zombie hands grab the tengu reaver.
The zombie hands constrict the tengu reaver.
The tengu reaver hits you from afar with a +0 bardiche!!!
You die...
Your body crumbles into a pile of gold.

Skill      XL: |  1  2  3  4  5  6  7  8  9 10 11 12 13 14 15 16 17 18 19 20 21 |
---------------+----------------------------------------------------------------+-----
Poison Magic   | 4 5 6 |  6.2
Air Magic      | 2 3 4 |  4.4
Conjurations   | 2 3 4 7 9 11 14 15 16 | 16.5
Spellcasting   | 4 6 8 9 10 12 14 15 17 | 17.0
Fighting       | 5 8 10 12 | 12.0
Dodging        | 5 6 10 | 10.0
Stealth        | 4 |  4.0
Short Blades   | 5 |  5.0
Hexes          | 4 5 |  5.0
Earth Magic    | 5 8 |  8.0
Summonings     | 2 8 11 12 13 15 | 15.0
Shields        | 11 15 | 15.0
Transmutations | 5 |  5.0
Necromancy     | 4 9 10 | 10.0
Translocations | 4 |  4.0
Polearms       | 2 9 |  9.3

Action                     |  1- 3 |  4- 6 |  7- 9 | 10-12 | 13-15 | 16-18 | 19-21 || total
---------------------------+-------+-------+-------+-------+-------+-------+-------++-------
  Melee: Dagger            |    29 |       |    86 |   136 |   258 |   143 |   386 ||  1038
         Tailslap          |     6 |     7 |    35 |    27 |    52 |    34 |   150 ||   311
         Whip              |    19 |    60 |   112 |       |       |       |       ||   191
         Rapier            |     4 |       |       |       |       |       |       ||     4
         Punch             |       |       |     1 |     1 |     5 |       |       ||     7
         Lajatang          |       |       |       |       |     7 |       |       ||     7
         Staff             |       |       |       |       |     6 |       |       ||     6
         Demon trident     |       |       |       |       |       |       |   127 ||   127
         Hand axe          |       |       |       |       |       |       |     1 ||     1
   Cast: Sting             |    45 |    16 |    13 |     1 |       |       |       ||    75
         Poisonous Vapours |    11 |    34 |   140 |    60 |    66 |       |       ||   311
         Mephitic Cloud    |       |     3 |     5 |    36 |    32 |       |       ||    76
         Searing Ray       |       |       |    31 |    33 |     8 |       |       ||    72
         Olgreb's Toxic Ra |       |       |     9 |    94 |   127 |    11 |       ||   241
         Fulminant Prism   |       |       |       |    18 |    18 |       |       ||    36
         Iron Shot         |       |       |       |       |   270 |    76 |    17 ||   363
         Spellforged Servi |       |       |       |       |    38 |   201 |   127 ||   366
         Summon Cactus Gia |       |       |       |       |     6 |    83 |    14 ||   103
         Borgnjor's Vile C |       |       |       |       |       |    17 |   112 ||   129
         Yara's Violent Un |       |       |       |       |       |     4 |    10 ||    14
         Passage of Golubr |       |       |       |       |       |     2 |     1 ||     3
         Death Channel     |       |       |       |       |       |       |    17 ||    17
         Summon Forest     |       |       |       |       |       |       |     3 ||     3
 Invoke: Call Merchant     |       |       |       |     2 |     1 |     3 |       ||     6
Ability: Breathe Frost     |       |       |     7 |    12 |     9 |     3 |     1 ||    32
  Evoke: Wand              |       |     6 |     5 |     9 |     5 |     2 |     3 ||    30
         Lightning rod     |       |       |       |       |       |     3 |       ||     3
         Tin of tremorston |       |       |       |       |       |       |     2 ||     2
    Use: Scroll            |     3 |     1 |    15 |     9 |     6 |     9 |    13 ||    56
         Potion            |       |       |     2 |     3 |     1 |     1 |     1 ||     8
   Stab: Confused          |       |     2 |     1 |     7 |     5 |       |       ||    15
         Sleeping          |       |       |     1 |     3 |       |       |     1 ||     5
         Distracted        |       |       |     1 |       |     3 |    11 |    23 ||    38
         Paralysed         |       |       |       |     2 |       |       |       ||     2
 Armour: Skin              |    17 |    12 |   102 |    69 |   240 |    89 |   145 ||   674
  Dodge: Dodged            |    57 |    43 |   191 |   169 |   418 |   191 |   287 ||  1356
  Block: Other             |       |       |       |       |    24 |     6 |       ||    30
         Kite shield       |       |       |       |       |       |   230 |   437 ||   667

Levels and vault maps discovered:
D:1:      psy_arrival_terrarium, layout_loops_ring
D:2:      layout_basic, serial_rivers, chequers_serial_rivers_marsh,
          chequers_serial_rivers_micro_a, chequers_serial_rivers_small_a,
          chequers_serial_rivers_large_b, dreamdust_wishing_well
D:3:      layout_rooms
D:4:      layout_gridville, kennysheep_slug_shrine, gammafunk_ghost_arena,
          cheibrodos_sewer_entry_bend, uniq_sigmund
D:5:      layout_basic, serial_shops, nicolae_shop_mannequins
D:6:      layout_rooms, temple_doors_cd, wad_floor_pattern_1, uniq_duvessa
D:7:      layout_basic, enter_ossuary_4
D:8:      layout_basic, feat_on_display, uniq_gastronok
D:9:      layout_rooms, nicolae_concentric_dashed_squares_mild
D:10:     layout_loops_ring, chequers_temple_overflow_statue_of_worship,
          david_orc_3
D:11:     cheibrodos_steamvent, layout_irregular_city, erik_lair_orcish_takeover
D:12:     evilmike_diamond_2, layout_rooms, ebering_ghost_xom,
          portal_ice_cave_rime
D:13:     layout_stronghold, erik_vaults_1
D:14:     layout_basic, basic_altar, uniq_roxanne, uniq_louise
D:15:     hangedman_depths_entry_try_elsewhere_first, layout_stronghold,
          nicolae_hepliaklqana_hazy_memory, minivault_7
Temple:   compressed_dpeg_triangle_lava_temple
Lair:1:   beast_lair_carwin_large_1, layout_chaotic_city,
          nicolae_volcano_entry_vermiform, nicolae_lair_grove_arrangements,
          grunt_forest_stairs_basic
Lair:2:   regret_index_harrowing_hell_hive, layout_chaotic_city,
          shoals_dummy_entry, minmay_snake_entry_guardpost_small,
          serial_bayou_shore_b, uniq_sonja
Lair:3:   layout_concentric_octagons
Lair:4:   layout_loops_ring, nicolae_slime_entry_field_trip,
          infiniplex_staircase_pool_2
Lair:5:   minmay_lair_end_frog_pond, layout_small_grid, gammafunk_lair_bear_cave
Shoals:1: layout_shoals, serial_shops, nicolae_shop_back_alley_shop,
          nicolae_shop_advertising_works [nicolae_subvault_shop_adworks]
Shoals:2: layout_shoals, ebering_ghost_inner_flame, nzn_prometheus_bound
Shoals:3: layout_shoals, serial_shops, bzr_entry_safe, shop, shop
Shoals:4: shoals_end_grunt_ice, layout_shoals, nicolae_shoals_dead_sea_scrolls
Snake:1:  layout_honeycomb, nicolae_snake_lava_pool, uniq_azrael
Snake:2:  layout_basic, grunt_megastairs_1
Snake:3:  layout_misc_corridors
Snake:4:  grunt_snake_rune_serpentine_throne, layout_cave_town, uniq_aizul
Orc:1:    layout_diamond_mine, serial_shops, shop
Orc:2:    st_orc_pillars, layout_caves, nooodl_orcs_dogs
Elf:1:    eino_elf_arrival_customs, layout_geoelf_diagonals, minmay_elf_sorcery,
          uniq_agnes
Elf:2:    nicolae_elf_blades_crystal_corner, layout_rooms
Vaults:1: nicolae_vaults_closet_pinwheel_2, v_alt_pattern_6,
          ontoclasm_vaults_chip, v_pattern_3, vaults_room_ringed_pool,
          nicolae_vaults_rhombus_5, nicolae_vaults_trapezoid_layered, v_misc_26,
          nicolae_vaults_tetromino_Z_1, vaults_room_hallway, serial_ice_g,
          vaults_room_semicircle, layout_vaults_quadrants
Vaults:2: portal_desolation_entry_nicolae_nacl, vaults_mumra_lcd,
          ontoclasm_vaults_gateway, nicolae_vaults_stepped_doors,
          vaults_room_large_hall, v_misc_29, v_misc_32,
          nicolae_vaults_ninety_degrees, nicolae_vaults_shock_wave,
          hangedman_vaults_corner_blocks, nicolae_vaults_tetromino_T_1,
          layout_vaults_maze_snakey
Vaults:3: nicolae_vaults_museum, nicolae_vaults_taking_the_gang_shopping,
          nicolae_vaults_hallways_thing, grunt_vaults_diagonal,
          minmay_crypt_entry_necro_gods, nicolae_vaults_little_ls,
          hangedman_vaults_restitches, vaults_dpeg_spiral, v_misc_22,
          hangedman_vaults_trim, nicolae_vaults_gold_heap, vaults_room_fours,
          nicolae_vaults_tetromino_T_1, layout_vaults_omnibox, serial_shops,
          nicolae_shop_back_alley_shop, uniq_bai_suzhen
Vaults:4: nicolae_vaults_surprise_closet, nicolae_vaults_house_1,
          hangedman_vaults_pinch, vaults_room_grunt_arrival_checkpoint,
          nicolae_vaults_trapezoid_3, nicolae_vaults_three_branches,
          ontoclasm_vaults_loading_screen, v_misc_28, vaults_mumra_minichess,
          nicolae_vaults_little_squares_3, nicolae_vaults_theta,
          layout_vaults_omnicross, uniq_xtahua

Notes
Turn   | Place    | Note
-------+----------+-------------------------------------------
     0 | D:1      | MackTheKnife the Draconian Venom Mage began the quest for
                  | the Orb.
     0 | D:1      | Reached XP level 1. HP: 14/14 MP: 3/3
     0 | D:1      | magus.rc [v1.9.6]
   328 | D:1      | Reached XP level 2. HP: 20/20 MP: 1/5
   374 | D:1      | Learned a level 2 spell: Poisonous Vapours
   666 | D:1      | Reached skill level 4 in Poison Magic
  1130 | D:1      | Reached XP level 3. HP: 23/26 MP: 2/6
  1201 | D:1      | Reached skill level 1 in Air Magic
  1474 | D:2      | Learned a level 3 spell: Mephitic Cloud
  1809 | D:2      | You pick up a book of Conjurations {@e2} and begin
                  | reading...
  1809 | D:2      | You add the spells Magic Dart, Searing Ray and Fulminant
                  | Prism to your library.
  2131 | D:3      | Reached skill level 2 in Air Magic
  2205 | D:3      | Reached XP level 4. HP: 33/33 MP: 2/7
  2328 | D:2      | Reached skill level 1 in Conjurations
  3142 | D:4      | Reached skill level 2 in Conjurations
  3322 | D:4      | Reached XP level 5. HP: 33/38 MP: 0/8
  3392 | D:4      | Found a snail-covered altar of Cheibriados.
  3422 | D:4      | Noticed Sigmund
  3428 | D:4      | Killed Sigmund
  3429 | D:4      | Reached skill level 3 in Conjurations
  3429 | D:4      | Reached skill level 3 in Air Magic
  3429 | D:4      | Reached XP level 6. HP: 45/45 MP: 0/9
  3558 | D:4      | Found a transporter.
  3564 | D:4      | Found a transporter.
  3564 | D:4      | Noticed PanSaczeczos's ghost (novice KoAE)
  3572 | D:4      | You fall into a shaft and drop 2 floors!
  3589 | D:6      | Reached skill level 4 in Air Magic
  3593 | D:5      | Entered Level 5 of the Dungeon
  3665 | D:4      | Reached skill level 4 in Conjurations
  3774 | D:4      | Found a glowing drain.
  3803 | D:4      | Your scales start taking on an icy white colour.
  3803 | D:4      | Reached XP level 7. HP: 27/50 MP: 0/10
  3803 | D:4      | Gained mutation: Your flesh is cold resistant. (rC+) [White
                  | Draconian growth]
  3858 | Sewer    | Entered a sewer
  3900 | Sewer    | Learned a level 2 spell: Searing Ray
  4761 | Sewer    | Reached skill level 3 in Spellcasting
  5094 | D:4      | You pick up a book of Power and begin reading...
  5094 | D:4      | You add the spells Iskenderun's Battlesphere, Iron Shot and
                  | Spellforged Servitor to your library.
  5095 | D:4      | magus.rc [v1.9.6]
  5137 | D:4      | Learned a level 4 spell: Olgreb's Toxic Radiance
  5482 | D:5      | Reached skill level 4 in Spellcasting
  5482 | D:5      | Reached skill level 5 in Poison Magic
  5619 | D:5      | Reached XP level 8. HP: 28/57 MP: 0/14
  5746 | D:5      | You pick up a book of Changes and begin reading...
  5746 | D:5      | You add the spells Beastly Appendage, Wereblood and Spider
                  | Form to your library.
  6182 | D:5      | Reached skill level 6 in Poison Magic
  6285 | D:5      | Reached skill level 5 in Spellcasting
  6446 | D:5      | magus.rc [v1.9.6]
  6805 | D:5      | Noticed a walking frostbound tome
  6806 | D:5      | Found Vyna Tub's Book Shop.
  6806 | D:5      | Noticed a walking earthen tome
  7358 | D:6      | HP: 3/57 [ogre/+0 giant spiked club (37)]
  7366 | D:6      | Noticed Duvessa
  7608 | D:6      | Reached skill level 6 in Spellcasting
  7608 | D:6      | Reached skill level 1 in Fighting
  7786 | D:6      | Reached skill level 2 in Fighting
  7900 | D:6      | Reached skill level 3 in Fighting
  7991 | D:6      | Noticed Dowan
  8007 | D:6      | Killed Dowan
  8047 | D:6      | Killed Duvessa
  8048 | D:6      | Reached skill level 4 in Fighting
  8305 | D:6      | Found a staircase to the Ecumenical Temple.
  8310 | Temple   | Entered the Ecumenical Temple
  8319 | Temple   | Became a worshipper of Gozag Ym Sagoz the Greedy
  8519 | D:7      | Found a sand-covered staircase.
  8548 | Ossuary  | Entered an ossuary
  8563 | Ossuary  | Reached skill level 5 in Fighting
  8563 | Ossuary  | Reached XP level 9. HP: 58/74 MP: 13/18
  8812 | Ossuary  | Reached skill level 6 in Fighting
  9152 | Ossuary  | Reached skill level 7 in Fighting
  9470 | Ossuary  | Reached skill level 8 in Fighting
  9715 | D:7      | Reached skill level 2 in Dodging
 10242 | D:7      | Reached skill level 3 in Dodging
 10772 | D:8      | Reached skill level 4 in Dodging
 10991 | D:8      | Reached skill level 5 in Dodging
 11046 | D:8      | Noticed Gastronok
 11239 | D:8      | Reached XP level 10. HP: 73/88 MP: 14/19
 11248 | D:8      | Reached skill level 6 in Dodging
 11953 | D:8      | Reached skill level 2 in Stealth
 12677 | D:9      | Reached skill level 3 in Stealth
 12780 | D:9      | Reached skill level 4 in Stealth
 12908 | D:9      | You pick up a book of Decay and begin reading...
 12908 | D:9      | You add the spells Cigotuvi's Dreadful Rot, Dispel Undead
                  | and Death Channel to your library.
 12965 | D:9      | Reached skill level 5 in Conjurations
 13134 | D:9      | Reached skill level 6 in Conjurations
 13319 | D:9      | Reached skill level 1 in Short Blades
 13541 | D:10     | Entered Level 10 of the Dungeon
 13637 | D:10     | Reached skill level 2 in Short Blades
 13850 | D:10     | Reached skill level 3 in Short Blades
 13854 | D:10     | Reached skill level 4 in Short Blades
 13992 | D:10     | Found a staircase to the Orcish Mines.
 14218 | D:10     | Found an ornate altar of the Wu Jian Council.
 14218 | D:10     | Found a burning altar of Makhleb.
 14229 | D:10     | Reached skill level 5 in Short Blades
 14654 | Orc:1    | Entered Level 1 of the Orcish Mines
 14664 | Orc:1    | Noticed a two-headed ogre
 14687 | Orc:1    | Killed a two-headed ogre
 14688 | Orc:1    | Reached skill level 7 in Conjurations
 14688 | Orc:1    | Reached XP level 11. HP: 94/94 MP: 3/21
 14921 | Orc:1    | Reached skill level 7 in Spellcasting
 15130 | Orc:2    | Entered Level 2 of the Orcish Mines
 15472 | D:11     | Noticed a two-headed ogre
 15488 | D:11     | Killed a two-headed ogre
 15772 | D:11     | Reached skill level 8 in Conjurations
 15893 | D:11     | Found a staircase to the Lair.
 15932 | D:11     | Reached skill level 8 in Spellcasting
 16209 | D:11     | Noticed a skeletal warrior
 16252 | Lair:1   | Entered Level 1 of the Lair of Beasts
 16337 | Lair:1   | Noticed a boulder beetle
 16357 | Lair:1   | Reached skill level 9 in Conjurations
 16361 | Lair:1   | Killed a boulder beetle
 16488 | Lair:1   | Learned a level 4 spell: Fulminant Prism
 16543 | Lair:1   | Noticed a lindwurm
 16558 | Lair:1   | Killed a lindwurm
 16559 | Lair:1   | Reached skill level 2 in Hexes
 16672 | Lair:1   | Found a dark tunnel.
 16684 | Volcano  | Entered a volcano
 16854 | Volcano  | Reached skill level 3 in Hexes
 17325 | Volcano  | Noticed a two-headed ogre
 17325 | Volcano  | Noticed a two-headed ogre
 17327 | Volcano  | Noticed a red draconian
 17327 | Volcano  | Noticed an ogre mage
 17328 | Volcano  | Killed a two-headed ogre
 17329 | Volcano  | Reached skill level 4 in Hexes
 17329 | Volcano  | Reached XP level 12. HP: 103/103 MP: 24/24
 17344 | Volcano  | Killed a two-headed ogre
 17345 | Volcano  | Reached skill level 9 in Fighting
 17348 | Volcano  | Killed a red draconian
 17391 | Volcano  | Killed an ogre mage
 17519 | Volcano  | Noticed a two-headed ogre
 17520 | Volcano  | Noticed a two-headed ogre
 17532 | Volcano  | Killed a two-headed ogre
 17533 | Volcano  | Reached skill level 10 in Fighting
 17533 | Volcano  | Reached skill level 9 in Spellcasting
 17535 | Volcano  | Killed a two-headed ogre
 17596 | Volcano  | Noticed a two-headed ogre
 17616 | Volcano  | Found a radiant altar of Vehumet.
 17632 | Volcano  | Killed a two-headed ogre
 17756 | Volcano  | Found a bloodstained altar of Trog.
 17842 | Lair:1   | Learned a level 6 spell: Iron Shot
 17852 | Lair:1   | Reached skill level 10 in Conjurations
 17852 | Lair:1   | Reached skill level 1 in Earth Magic
 17857 | Lair:1   | Reached skill level 2 in Earth Magic
 18516 | Lair:2   | Noticed Sonja
 18562 | Lair:2   | Found a staircase to the Shoals.
 18629 | Lair:2   | Killed Sonja
 18630 | Lair:2   | Reached skill level 3 in Earth Magic
 18797 | Lair:2   | magus.rc [v1.9.6]
 18913 | Lair:2   | Reached skill level 4 in Earth Magic
 18915 | Lair:2   | HP: 26/106 [poisoned by a cane toad]
 18920 | Lair:2   | HP: 23/106 [poisoned by a cane toad]
 19149 | Lair:1   | Bought a pair of crude gloves for 313 gold pieces
 19149 | Lair:1   | Identified the +0 pair of gloves of Uskayaw's Inspiration
                  | {+Blink +Inv Regen+ Int-2} (You bought it in a shop on
                  | level 1 of the Lair of Beasts)
 19153 | Lair:1   | Bought a bone lajatang for 640 gold pieces
 19153 | Lair:1   | Identified the +3 lajatang of the Scavenger {freeze,
                  | Stlth+} (You bought it in a shop on level 1 of the Lair of
                  | Beasts)
 19390 | Lair:2   | Reached skill level 11 in Conjurations
 19440 | Lair:2   | Reached skill level 5 in Earth Magic
 19522 | Lair:2   | magus.rc [v1.9.6]
 19841 | Lair:2   | Noticed a death yak
 19841 | Lair:2   | Noticed a death yak
 19841 | Lair:2   | Noticed a death yak
 19843 | Lair:2   | Noticed a death yak
 19865 | Lair:2   | Killed a death yak
 19871 | Lair:2   | Killed a death yak
 19876 | Lair:2   | Killed a death yak
 19889 | Lair:2   | Killed a death yak
 19890 | Lair:2   | Reached XP level 13. HP: 42/113 MP: 14/26
 20107 | Lair:2   | Reached skill level 6 in Earth Magic
 20474 | Lair:2   | Identified the +1 quarterstaff of the Eternal Void {spect,
                  | rPois}
 20777 | Lair:2   | Reached skill level 12 in Conjurations
 21026 | Lair:2   | Found a staircase to the Snake Pit.
 21149 | Lair:2   | Reached skill level 7 in Earth Magic
 22393 | Lair:3   | You pick up a book of Scorching and begin reading...
 22393 | Lair:3   | You add the spells Scorch, Flame Wave and Summon Cactus
                  | Giant to your library.
 22711 | Lair:3   | Reached skill level 8 in Earth Magic
 22944 | Lair:3   | You fall into a shaft and drop 2 floors!
 22944 | Lair:5   | Entered Level 5 of the Lair of Beasts
 22949 | Lair:4   | Found a viscous altar of Jiyva.
 23002 | Lair:4   | Found a staircase to the Slime Pits.
 23585 | Lair:4   | Reached skill level 13 in Conjurations
 25437 | D:11     | Reached skill level 14 in Conjurations
 25998 | Orc:1    | Bought the amulet of the Four Winds {rN+ Will+++ Clar} for
                  | 910 gold pieces
 25998 | Orc:1    | Found the amulet of the Four Winds {rN+ Will+++ Clar}
 26048 | Orc:1    | Learned a level 7 spell: Spellforged Servitor
 26285 | Orc:2    | Reached skill level 1 in Summonings
 26464 | Orc:2    | Noticed an orc warlord
 26486 | Orc:2    | Killed an orc warlord
 26487 | Orc:2    | Reached skill level 2 in Summonings
 26680 | Orc:1    | Reached skill level 10 in Spellcasting
 26813 | Orc:2    | Reached XP level 14. HP: 121/121 MP: 23/28
 27244 | Orc:2    | Reached skill level 3 in Summonings
 27630 | Orc:2    | Found a staircase to the Elven Halls.
 28356 | Orc:2    | Reached skill level 4 in Summonings
 29037 | Orc:2    | Reached skill level 5 in Summonings
 29555 | Orc:2    | Found Qeerghan's Antique Weapon Shop.
 29558 | Orc:2    | Found Keyv Xah's Weapon Shop.
 29559 | Orc:2    | Found Kaluluza's Antique Weapon Shop.
 29560 | Orc:2    | Found Riegoph's Distillery.
 29567 | Orc:2    | Bought a polished dagger for 210 gold pieces
 29567 | Orc:2    | Identified the +7 dagger of Slime {drain, Str+4 Dex+4
                  | Stlth+} (You bought it in a shop on level 2 of the Orcish
                  | Mines)
 29568 | Orc:2    | Bought a potion of heal wounds for 70 gold pieces
 29572 | Orc:2    | Bought a potion of mutation for 112 gold pieces
 29632 | Orc:1    | Bought a ring of the Octopus King {rN+ HP+2 AC+2 EV+2 SH+2}
                  | for 846 gold pieces
 29632 | Orc:1    | Found the ring of the Octopus King {rN+ HP+2 AC+2 EV+2
                  | SH+2}
 29747 | Lair:5   | Reached skill level 11 in Spellcasting
 29985 | Lair:5   | Reached skill level 6 in Summonings
 30647 | Lair:5   | Reached skill level 7 in Summonings
 30847 | Lair:5   | magus.rc [v1.9.6]
 31194 | Lair:4   | Reached skill level 12 in Spellcasting
 31375 | Lair:5   | Reached skill level 8 in Summonings
 32388 | Lair:5   | Reached XP level 15. HP: 126/126 MP: 22/31
 32388 | Lair:5   | magus.rc [v1.9.6]
 32937 | Lair:5   | Identified the ring of Biruuh {rN+ AC+4}
 32945 | Lair:5   | Identified the staff of death "Boko" {Contam rF+ rN+ Int+3}
 33388 | Lair:5   | Found the +10 Black Knight's barding {ponderous, rPois rN+}
 33725 | D:12     | Found a runed translucent door.
 33725 | D:12     | Found a shimmering altar of Xom.
 33725 | D:12     | Noticed Raspi's ghost (journeyman MiBe)
 33875 | D:12     | Reached skill level 9 in Summonings
 33907 | D:12     | Found a frozen archway.
 33950 | IceCv    | Entered an ice cave
 34675 | IceCv    | Identified the +10 scale mail "Fobobb" {Str+5}
 34769 | Orc:1    | Bought a ring of wizardry for 450 gold pieces
 35336 | Orc:1    | Found Arphaefe's Armour Shop.
 36125 | D:12     | Reached skill level 13 in Spellcasting
 36125 | D:12     | magus.rc [v1.9.6]
 36419 | D:12     | Reached skill level 10 in Summonings
 36710 | D:12     | Found the +2 shield of Resistance {rF++ rC++ Will++}
 36777 | D:12     | Noticed a frost giant
 36783 | D:12     | Killed a frost giant
 37652 | D:13     | Found a gate to the Vaults.
 38032 | D:13     | Reached skill level 11 in Summonings
 38763 | D:13     | Learned a level 6 spell: Summon Cactus Giant
 39142 | D:14     | Reached skill level 14 in Spellcasting
 39317 | D:14     | Found an iron altar of Okawaru.
 39694 | D:14     | Identified Roxanne's Anthology of Changing
 39694 | D:14     | Noticed Roxanne
 39694 | D:14     | Noticed Louise
 39958 | D:15     | Entered Level 15 of the Dungeon
 39973 | D:15     | Found a hazy altar of Hepliaklqana.
 40238 | D:15     | Reached XP level 16. HP: 123/134 MP: 21/34
 40264 | D:15     | Reached skill level 12 in Summonings
 40798 | D:15     | Reached skill level 1 in Shields
 40809 | D:15     | Reached skill level 2 in Shields
 41291 | D:15     | Reached skill level 3 in Shields
 41329 | D:15     | Found a staircase to the Depths.
 41719 | D:15     | Reached skill level 4 in Shields
 42230 | D:15     | Reached skill level 5 in Shields
 42520 | Snake:1  | Entered Level 1 of the Snake Pit
 42744 | Shoals:1 | Entered Level 1 of the Shoals
 42744 | Shoals:1 | Found Buhag's Antique Weapon Shoppe.
 42755 | Shoals:1 | magus.rc [v1.9.6]
 42765 | Shoals:1 | Bought a scroll of fear for 68 gold pieces
 42765 | Shoals:1 | Bought 3 scrolls of teleportation for 153 gold pieces
 42765 | Shoals:1 | Bought a scroll of teleportation for 51 gold pieces
 42809 | Shoals:1 | Found Cevad's Book Boutique.
 42813 | Shoals:1 | Bought Great Wizards, Vol. VII for 420 gold pieces
 42813 | Shoals:1 | You add the spells Tukima's Dance, Passage of Golubria and
                  | Yara's Violent Unravelling to your library.
 42819 | Shoals:1 | Learned a level 5 spell: Yara's Violent Unravelling
 42819 | Shoals:1 | magus.rc [v1.9.6]
 42966 | Shoals:1 | Reached skill level 6 in Shields
 43330 | Shoals:1 | Reached skill level 7 in Shields
 43622 | Shoals:1 | Reached skill level 8 in Shields
 44188 | Shoals:1 | Reached skill level 9 in Shields
 44498 | Shoals:1 | magus.rc [v1.9.6]
 44573 | Shoals:2 | Found a runed translucent door.
 44695 | Shoals:2 | Noticed archon2's ghost (adept DEFE)
 44973 | Shoals:2 | Reached skill level 10 in Shields
 45107 | Shoals:2 | You pick up a book of Fire and begin reading...
 45107 | Shoals:2 | You add the spells Foxfire, Fireball, Plasma Beam and
                  | Starburst to your library.
 45679 | Shoals:2 | Killed archon2's ghost
 45965 | Snake:1  | Reached skill level 11 in Shields
 46046 | Snake:1  | Noticed Azrael
 46061 | Snake:1  | Killed Azrael
 47155 | Snake:1  | magus.rc [v1.9.6]
 47228 | Snake:2  | Reached XP level 17. HP: 140/140 MP: 18/35
 47656 | Snake:2  | Reached skill level 12 in Shields
 48907 | Snake:3  | Reached skill level 13 in Shields
 49496 | Snake:3  | You pick up a book of Dreams and begin reading...
 49496 | Snake:3  | You add the spells Ensorcelled Hibernation and Anguish to
                  | your library.
 49542 | Snake:3  | Reached skill level 14 in Shields
 50398 | Snake:4  | Entered Level 4 of the Snake Pit
 51050 | Snake:4  | Reached skill level 15 in Shields
 51203 | Snake:4  | Reached skill level 2 in Transmutations
 51295 | Snake:4  | Reached skill level 3 in Transmutations
 51671 | Snake:3  | HP: 35/142 [poisoned by a nagaraja (bolt of poison)]
 51676 | Snake:3  | HP: 32/142 [poisoned by a nagaraja (bolt of poison)]
 52140 | Snake:4  | Reached skill level 4 in Transmutations
 52543 | Snake:4  | Reached skill level 5 in Transmutations
 52591 | Snake:4  | Noticed Aizul
 52618 | Snake:4  | Killed Aizul
 52813 | Snake:4  | Reached skill level 5 in Hexes
 53598 | Snake:4  | Reached XP level 18. HP: 133/149 MP: 23/36
 53609 | Snake:4  | Reached skill level 11 in Fighting
 54426 | Snake:4  | Reached skill level 12 in Fighting
 54768 | Snake:4  | Reached skill level 7 in Dodging
 54774 | Snake:4  | Noticed Vashnia
 54788 | Snake:4  | Killed Vashnia
 54970 | Snake:4  | Got a serpentine rune of Zot
 55025 | Snake:4  | Reached skill level 8 in Dodging
 55327 | Shoals:3 | Found Tovvenao's Assorted Antiques.
 55382 | Shoals:3 | Found a flickering gateway to a bazaar.
 55388 | Bazaar   | Entered a bazaar
 55510 | Bazaar   | Identified the ring "Wawkuif" {Contam Fly rElec rPois
                  | Dex+3}
 55532 | Bazaar   | Found Axai's Magic Scroll Shop.
 55544 | Bazaar   | Found Lafaihui's Distillery.
 55552 | Bazaar   | Bought 2 potions of mutation for 128 gold pieces
 55552 | Bazaar   | Bought a potion of heal wounds for 40 gold pieces
 55552 | Bazaar   | Bought 2 potions of heal wounds for 80 gold pieces
 55552 | Bazaar   | Bought a potion of brilliance for 32 gold pieces
 55552 | Bazaar   | Bought a potion of brilliance for 32 gold pieces
 55552 | Bazaar   | Bought a potion of cancellation for 64 gold pieces
 55564 | Bazaar   | Found Biceomi's Distillery.
 55572 | Bazaar   | Bought a potion of heal wounds for 70 gold pieces
 55572 | Bazaar   | Bought a potion of heal wounds for 70 gold pieces
 55572 | Bazaar   | Bought a potion of heal wounds for 70 gold pieces
 55572 | Bazaar   | Bought a potion of magic for 112 gold pieces
 55572 | Bazaar   | Bought a potion of magic for 112 gold pieces
 55572 | Bazaar   | Bought a potion of magic for 112 gold pieces
 55585 | Bazaar   | Found Zess's Magic Scroll Shop.
 55589 | Bazaar   | Bought 3 scrolls of magic mapping for 180 gold pieces
 55589 | Bazaar   | Bought a scroll of amnesia for 32 gold pieces
 55589 | Bazaar   | Bought 2 scrolls of amnesia for 64 gold pieces
 55625 | Bazaar   | Learned a level 2 spell: Wereblood
 55630 | Bazaar   | Learned a level 4 spell: Passage of Golubria
 55689 | Shoals:3 | You pick up a book of Touch and begin reading...
 55689 | Shoals:3 | You add the spells Kiss of Death and Confusing Touch to
                  | your library.
 56100 | Shoals:3 | You add the spells Alistair's Intoxication, Borgnjor's Vile
                  | Clutch and Eringya's Noxious Bog to your library.
 56114 | Shoals:3 | Learned a level 5 spell: Borgnjor's Vile Clutch
 56208 | Shoals:3 | Reached skill level 1 in Necromancy
 56286 | Shoals:3 | Found Gixker's Antique Armour Boutique.
 56303 | Shoals:3 | Bought a twisted cloak for 304 gold pieces
 56303 | Shoals:3 | Identified the +0 cloak of the Doomed God {-Cast rPois
                  | rF+++ Slay-5} (You bought it in a shop on level 3 of the
                  | Shoals)
 56359 | Shoals:3 | Reached skill level 2 in Necromancy
 56618 | Shoals:3 | Reached skill level 3 in Necromancy
 56994 | Shoals:4 | Entered Level 4 of the Shoals
 57095 | Shoals:4 | Reached skill level 4 in Necromancy
 57221 | Shoals:4 | Reached skill level 9 in Dodging
 57800 | Shoals:4 | Reached skill level 10 in Dodging
 58336 | Shoals:4 | Got a barnacled rune of Zot
 58946 | Shoals:4 | Reached skill level 1 in Translocations
 59154 | Shoals:4 | Reached skill level 2 in Translocations
 59329 | Shoals:4 | Reached skill level 3 in Translocations
 59533 | Shoals:4 | Reached skill level 4 in Translocations
 60280 | Lair:2   | Bought a potion of curing for 111 gold pieces
 60286 | Lair:2   | Bought a glowing hat for 203 gold pieces
 60945 | Vaults:1 | Entered Level 1 of the Vaults
 60956 | D:13     | Reached XP level 19. HP: 137/160 MP: 6/37
 61502 | D:5      | Bought Vuhuicke's Lessons on Corpses for 546 gold pieces
 61502 | D:5      | You add the spells Sublimation of Blood, Vampiric Draining
                  | and Borgnjor's Revivification to your library.
 61509 | D:5      | Learned a level 6 spell: Death Channel
 62108 | Vaults:1 | Reached skill level 5 in Necromancy
 62535 | Vaults:1 | Reached skill level 6 in Necromancy
 62798 | Vaults:1 | Reached skill level 7 in Necromancy
 63274 | Vaults:1 | Reached skill level 8 in Necromancy
 63787 | Vaults:1 | Reached skill level 9 in Necromancy
 64729 | Vaults:1 | Identified the +1 pair of gloves of Instinct {rN+ Dex+2}
 64926 | Vaults:2 | Reached skill level 15 in Spellcasting
 65001 | Vaults:2 | Reached skill level 13 in Summonings
 65088 | Vaults:2 | Found a crumbling gateway.
 65098 | Desolati | Entered the Desolation of Salt
 65650 | Desolati | Identified the ring "Zoer" {rPois Int+4 Stlth+}
 65733 | Desolati | You add the spells Freeze, Ozocubu's Armour, Summon Ice
                  | Beast and Polar Vortex to your library.
 65733 | Desolati | Got the Incunabulum of the Chill
 65871 | Desolati | Identified the ring "Siappimp" {Fire +Blink rPois Str-3
                  | Int+3}
 65988 | Desolati | Identified the staff of conjuration "Pasial" {Dex+3 Stlth+}
 65993 | Desolati | Got the Compendium of Corruption and the Bonfire
 66004 | Desolati | Reached skill level 15 in Conjurations
 66667 | Desolati | Identified the staff of earth "Oxao" {rF- rN+ rCorr}
 66796 | Desolati | Identified the +9 halberd of the Whale {freeze, +Blink
                  | Will+}
 66812 | Desolati | Identified the amulet "Afocoth" {Faith Stlth+}
 66966 | Desolati | Reached XP level 20. HP: 168/168 MP: 17/39
 67048 | Desolati | Identified the +8 dagger of Annoyance {venom, Fragile rF+
                  | Stlth+}
 67201 | Desolati | Got Koaptini's Dissertation on Ghastly Chilblains
 68038 | Vaults:2 | Reached skill level 14 in Summonings
 68430 | Vaults:2 | Reached skill level 16 in Spellcasting
 69445 | Vaults:3 | Reached skill level 16 in Conjurations
 70146 | Vaults:3 | You pick up a book of Chaos and begin reading...
 70146 | Vaults:3 | You add the spells Conjure Ball Lightning, Disjunction and
                  | Discord to your library.
 70448 | Vaults:3 | You pick up a book of Beasts and begin reading...
 70448 | Vaults:3 | You add the spells Summon Mana Viper and Monstrous
                  | Menagerie to your library.
 70905 | Vaults:3 | Found Caris's Armour Boutique.
 70933 | Vaults:3 | Found Jolaoh's Weapon Shoppe.
 71029 | Vaults:3 | Noticed Bai Suzhen
 71084 | Vaults:3 | Killed Bai Suzhen
 71085 | Vaults:3 | Reached skill level 15 in Summonings
 71968 | Vaults:3 | Found a staircase to the Crypt.
 71968 | Vaults:3 | Found an ancient bone altar of Kikubaaqudgha.
 71968 | Vaults:3 | Found a basalt altar of Yredelemnul.
 72163 | Vaults:3 | Identified the ring "Satzex" {MP+9 SInv}
 72172 | Vaults:3 | Identified the staff of cold "Ribob" {*Slow rC+ rCorr
                  | Int+3}
 72184 | Vaults:3 | Identified the +5 hand axe of the Evening {venom, Int+4}
 72210 | Vaults:3 | Reached skill level 10 in Necromancy
 72540 | D:14     | Killed Louise
 72588 | D:14     | Killed Roxanne
 72589 | D:14     | Reached skill level 17 in Spellcasting
 72590 | D:14     | You add the spells Ignite Poison, Petrify, Irradiate and
                  | Statue Form to your library.
 72597 | D:14     | Learned a level 5 spell: Irradiate
 72925 | Elf:1    | Entered Level 1 of the Elven Halls
 72942 | Elf:1    | Reached skill level 1 in Polearms
 72966 | Elf:1    | Reached skill level 2 in Polearms
 73170 | Elf:1    | Reached XP level 21. HP: 167/174 MP: 32/42
 73173 | Elf:1    | Reached skill level 3 in Polearms
 73257 | Elf:1    | Reached skill level 4 in Polearms
 73544 | Elf:1    | Noticed Agnes
 73552 | Elf:1    | Killed Agnes
 73553 | Elf:1    | Reached skill level 5 in Polearms
 73773 | Elf:1    | Reached skill level 6 in Polearms
 74102 | Elf:1    | Reached skill level 7 in Polearms
 74377 | Elf:1    | You add the spells Call Canine Familiar, Iskenderun's
                  | Mystic Blast and Summon Forest to your library.
 74377 | Elf:1    | Got the Almanac of United Wounds
 74483 | Elf:1    | Learned a level 5 spell: Summon Forest
 74701 | Elf:2    | Reached skill level 8 in Polearms
 74803 | Elf:2    | Reached skill level 9 in Polearms
 75206 | Elf:2    | Found a runed translucent gate.
 75207 | Elf:2    | Found a runed translucent gate.
 75207 | Elf:2    | Found a runed translucent gate.
 75563 | Vaults:3 | Slain by a tengu reaver

Vanquished Creatures
  Agnes (Elf:1)
  A nagaraja (Snake:2)
  Roxanne (D:14)
  A frost giant (D:12)
  A deep elf sorcerer (Elf:2)
  4 vault wardens
  5 ironbound preservers
  An orc warlord (Orc:2)
  A war gargoyle (Vaults:2)
  3 very ugly things
  A red draconian (Volcano)
  2 deep elf annihilators
  Azrael (Snake:1)
  A deep elf death mage (Elf:1)
  3 dire elephants
  An ettin (Vaults:3)
  4 merfolk impalers
  A merfolk javelineer (Shoals:4)
  2 ragged hierophants (Desolation)
  2 servants of whispers (Desolation)
  A deep elf high priest (Vaults:3)
  A yaktaur captain (Vaults:2)
  A vault guard (Vaults:1)
  4 catoblepae
  6 hydras
  A peacekeeper (Vaults:2)
  A merfolk avatar (Shoals:4)
  An alligator snapping turtle (Shoals:3)
  A centaur warrior (Vaults:3)
  5 ironbound frosthearts
  An ogre mage (Volcano)
  4 anacondas
  4 boulder beetles
  10 two-headed ogres
  4 dancing weapons
  A merfolk aquamancer (Shoals:4)
  10 death yaks
  5 orc high priests (Orc:2)
  A naga warrior (Snake:4)
  A naga sharpshooter (Snake:4)
  2 shock serpents
  Sonja (Lair:2)
  3 deep elf knights
  2 skysharks
  3 skeletal warriors (D:11)
  4 deep trolls
  2 goliath frogs (Lair:5)
  A naga ritualist (Snake:3)
  3 sea snakes
  A deep elf archer (Elf:2)
  5 harpies
  6 ironbound convokers
  10 orc knights
  3 wizards
  A lindwurm (Lair:1)
  10 deep elf zephyrmancers
  A necromancer (Vaults:2)
  4 ugly things
  11 nameless horrors
  13 deep elf pyromancers
  2 manticores
  2 fauns (Shoals:1)
  A wolf spider (D:12)
  5 salamanders
  4 cyclopes
  A merfolk siren (Shoals:4)
  A vault sentinel (Vaults:1)
  7 slime creatures
  6 black mambas
  14 elephants
  4 guardian serpents
  3 ice statues (IceCv)
  18 cane toads
  2 unseen horrors (D:12)
  A kobold demonologist (D:9)
  A komodo dragon (shapeshifter) (Elf:1)
  5 rime drakes
  8 yaktaurs
  7 komodo dragons
  4 merfolk
  An anaconda simulacrum (IceCv)
  4 trolls
  A freezing wraith (IceCv)
  2 meliai (D:15)
  A queen bee (Lair:2)
  8 saltlings (Desolation)
  A polar bear (Lair:5)
  A sphinx simulacrum (Vaults:2)
  2 tyrant leeches (Lair:5)
  2 hornets (D:8)
  A snapping turtle (Shoals:4)
  9 blink frogs (Lair:5)
  6 wyverns
  Sigmund (D:4)
  3 water elementals
  66 yaks
  7 fire bats (Volcano)
  2 wraiths
  4 basilisks
  3 steam dragons
  5 vampire mosquitoes
  A yaktaur simulacrum (Vaults:1)
  A harpy simulacrum (IceCv)
  An acid dragon (D:13)
  9 wargs
  11 nagas
  18 water moccasins
  Duvessa (D:6)
  A hydra simulacrum (IceCv)
  A sky beast (D:7)
  38 orc warriors
  An ice beast (D:5)
  2 black bears
  5 ogres
  17 wolves
  A centaur (D:8)
  2 gnoll sergeants
  3 kobold brigands
  16 bullfrogs
  11 scorpions
  A cane toad simulacrum (IceCv)
  Dowan (D:6)
  37 killer bees
  An electric eel (Lair:5)
  5 howler monkeys
  6 lava snakes (Volcano)
  5 centaur zombies (Ossuary)
  4 human zombies
  5 jellies (Lair:4)
  2 gnoll boudas
  6 hounds
  38 orc priests
  2 iguanas
  20 orc wizards
  2 scorpion zombies (Ossuary)
  4 polar bear simulacra (IceCv)
  3 mummies (Ossuary)
  25 gnolls
  2 river rats (Lair:2)
  10 adders
  A shadow imp (D:8)
  An ufetubus (D:7)
  5 worms
  3 dart slugs
  77 orcs
  14 ball pythons
  9 endoplasms
  10 giant cockroaches
  3 gnoll zombies (Ossuary)
  4 hobgoblins
  2 jackals (D:1)
  9 quokkas
  6 bats
  14 frilled lizards
  7 goblins
  A goblin zombie (Ossuary)
  A hobgoblin zombie (Ossuary)
  18 kobolds
  A kobold zombie (Ossuary)
  An orc zombie (Ossuary)
  A quokka zombie (D:7)
  3 rats
  A rat zombie (D:7)
  A fulminant prism (Lair:5)
924 creatures vanquished.

Vanquished Creatures (collateral kills)
  Bai Suzhen (Vaults:3)
  Vashnia (Snake:4)
  A kraken (Shoals:4)
  8 nagarajas
  A frost giant (Shoals:4)
  The ghost of archon2 the Scorcher, an adept DEFE of Vehumet (Shoals:2)
  Louise (D:14)
  A deep elf sorcerer (Elf:1)
  An imperial myrmidon (Desolation)
  Aizul (Snake:4)
  7 vault wardens
  4 ironbound preservers
  7 very ugly things
  2 orc warlords
  An ironbound thunderhulk (Vaults:3)
  A halazid warlock (Desolation)
  A deep elf demonologist (Vaults:3)
  5 dire elephants
  A crystal guardian (Desolation)
  An ettin (Vaults:2)
  3 entropy weavers
  6 merfolk impalers (Shoals:4)
  2 merfolk javelineers
  2 deep elf death magi (Elf:2)
  6 servants of whispers
  2 yaktaur captains
  4 ragged hierophants (Desolation)
  2 great orbs of eyes
  3 hydras
  10 peacekeepers (Desolation)
  10 vault guards
  2 salamander tyrants
  3 merfolk avatars
  9 centaur warriors
  8 anacondas
  2 merfolk aquamancers
  4 boulder beetles
  4 ironbound frosthearts
  An alligator snapping turtle (Shoals:4)
  12 dancing weapons
  2 ogre magi
  3 satyrs
  3 tengu warriors
  6 two-headed ogres (D:15)
  12 naga warriors
  4 shock serpents
  12 naga sharpshooters
  2 deep elf knights
  4 salamander mystics
  4 skysharks
  27 deep trolls
  15 sea snakes
  A skeletal warrior (D:12)
  7 naga ritualists
  10 deep elf archers
  12 harpies
  3 wizards
  A phantasmal warrior (D:12)
  9 ironbound convokers
  3 lindwurms
  10 deep elf pyromancers
  17 deep elf zephyrmancers
  2 oklob plants (Lair:2)
  7 orc knights
  30 ugly things
  7 mana vipers
  A stone giant zombie (Vaults:2)
  12 fauns
  An orc sorcerer (Elf:2)
  10 manticores
  8 cyclopes
  15 salamanders
  9 merfolk sirens
  11 guardian serpents
  26 black mambas
  7 vault sentinels
  2 water nymphs
  19 naga magi
  2 gargoyles
  A human zombie (Vaults:2)
  An efreet (D:13)
  A freezing wraith (D:15)
  16 yaktaurs
  8 nameless horrors
  A komodo dragon (D:13)
  27 merfolk
  A queen bee (D:15)
  A meliai (D:15)
  5 wind drakes
  5 trolls
  A wolf spider simulacrum (D:15)
  48 saltlings
  12 snapping turtles
  A shadow (D:12)
  8 dream sheep
  25 slime creatures
  5 water elementals
  A yak (D:12)
  3 fire elementals
  6 redbacks
  6 vampire mosquitoes
  A warg (D:13)
  41 nagas
  An acid dragon (D:13)
  An entropy weaver zombie (Vaults:2)
  4 hell hounds (Snake:1)
  6 orc warriors
  An ogre (Orc:2)
  A wolf (Vaults:1)
  9 centaurs
  An earth elemental (Elf:1)
  9 killer bees (D:15)
  A howler monkey (D:12)
  2 orc wizards (Orc:2)
  7 orcs
  4 tentacles (Shoals:4)
750 creatures vanquished.

Vanquished Creatures (others)
  A wizard (Vaults:3)
  2 deep elf zephyrmancers
  A bush (Lair:5)
  35 fulminant prisms
  45 fungi
  242 plants
  7 tentacles (Shoals:4)
  A withered plant (Desolation)
334 creatures vanquished.

Grand Total: 2008 creatures vanquished

Table legend:
 A = Non-vault XP
 B = Vault XP
 C = Vault XP percentage of total XP
 D = Non-vault monster count
 E = Vault monster count
 F = Vault count percentage of total count
                 A         B        C        D         E       F
            +---------+---------+-------+---------+---------+-------
      Total |  385536 |  251910 |  39.5 |     996 |     657 |  39.7
            +---------+---------+-------+---------+---------+-------
        D:1 |      52 |       0 |   0.0 |      28 |       0 |   0.0
        D:2 |      43 |       0 |   0.0 |      10 |       0 |   0.0
        D:3 |      80 |       0 |   0.0 |      19 |       0 |   0.0
        D:4 |     331 |     232 |  41.2 |      10 |       5 |  33.3
        D:5 |     945 |       0 |   0.0 |      27 |       0 |   0.0
        D:6 |     457 |     210 |  31.5 |       8 |       2 |  20.0
        D:7 |     572 |       2 |   0.3 |      19 |       2 |   9.5
        D:8 |    1631 |       0 |   0.0 |      24 |       0 |   0.0
        D:9 |    1747 |       0 |   0.0 |      21 |       0 |   0.0
       D:10 |    2706 |     458 |  14.5 |      24 |       6 |  20.0
       D:11 |    5934 |     993 |  14.3 |      16 |      10 |  38.5
       D:12 |    4356 |   13480 |  75.6 |      12 |      25 |  67.6
       D:13 |    7598 |    5616 |  42.5 |      24 |       7 |  22.6
       D:14 |   11337 |    2674 |  19.1 |      25 |       3 |  10.7
       D:15 |   16910 |    4931 |  22.6 |      37 |      22 |  37.3
     Lair:1 |    4642 |    1590 |  25.5 |      19 |      10 |  34.5
     Lair:2 |   11317 |    7402 |  39.5 |      32 |      52 |  61.9
     Lair:3 |    3202 |       0 |   0.0 |      10 |       0 |   0.0
     Lair:4 |    7940 |     984 |  11.0 |      25 |       9 |  26.5
     Lair:5 |   16761 |    9844 |  37.0 |      48 |      32 |  40.0
   Shoals:1 |   20940 |       0 |   0.0 |      41 |       0 |   0.0
   Shoals:2 |   10571 |    3333 |  24.0 |      21 |       5 |  19.2
   Shoals:3 |   13785 |       0 |   0.0 |      30 |       0 |   0.0
   Shoals:4 |   19814 |   21814 |  52.4 |      38 |      34 |  47.2
    Snake:1 |    5092 |    4281 |  45.7 |      12 |      11 |  47.8
    Snake:2 |   16266 |    1373 |   7.8 |      32 |       4 |  11.1
    Snake:3 |   25454 |       0 |   0.0 |      54 |       0 |   0.0
    Snake:4 |   28923 |   31577 |  52.2 |      57 |      42 |  42.4
      Orc:1 |    2422 |     217 |   8.2 |      21 |       2 |   8.7
      Orc:2 |    3775 |   14173 |  79.0 |      41 |      82 |  66.7
      Elf:1 |   22176 |   12081 |  35.3 |      34 |      18 |  34.6
      Elf:2 |   19957 |    4155 |  17.2 |      30 |       5 |  14.3
   Vaults:1 |   31854 |   16119 |  33.6 |      42 |      23 |  35.4
   Vaults:2 |   35951 |   14223 |  28.3 |      61 |      22 |  26.5
   Vaults:3 |   29995 |   26329 |  46.7 |      44 |      34 |  43.6
      Sewer |       0 |     298 | 100.0 |       0 |      42 | 100.0
    Ossuary |       0 |    1230 | 100.0 |       0 |      29 | 100.0
      IceCv |       0 |    3013 | 100.0 |       0 |      13 | 100.0
    Volcano |       0 |    7606 | 100.0 |       0 |      20 | 100.0
 Desolation |       0 |   41672 | 100.0 |       0 |      86 | 100.0
            +---------+---------+-------+---------+---------+-------

Skill      XL: |  1  2  3  4  5  6  7  8  9 10 11 12 13 14 15 16 17 18 19 20 21 |
---------------+----------------------------------------------------------------+-----
Poison Magic   | 4 5 6 |  6.2
Air Magic      | 2 3 4 |  4.4
Conjurations   | 2 3 4 7 9 11 14 15 16 | 16.5
Spellcasting   | 4 6 8 9 10 12 14 15 17 | 17.0
Fighting       | 5 8 10 12 | 12.0
Dodging        | 5 6 10 | 10.0
Stealth        | 4 |  4.0
Short Blades   | 5 |  5.0
Hexes          | 4 5 |  5.0
Earth Magic    | 5 8 |  8.0
Summonings     | 2 8 11 12 13 15 | 15.0
Shields        | 11 15 | 15.0
Transmutations | 5 |  5.0
Necromancy     | 4 9 10 | 10.0
Translocations | 4 |  4.0
Polearms       | 2 9 |  9.3

Action                     |  1- 3 |  4- 6 |  7- 9 | 10-12 | 13-15 | 16-18 | 19-21 || total
---------------------------+-------+-------+-------+-------+-------+-------+-------++-------
  Melee: Dagger            |    29 |       |    86 |   136 |   258 |   143 |   386 ||  1038
         Tailslap          |     6 |     7 |    35 |    27 |    52 |    34 |   150 ||   311
         Whip              |    19 |    60 |   112 |       |       |       |       ||   191
         Rapier            |     4 |       |       |       |       |       |       ||     4
         Punch             |       |       |     1 |     1 |     5 |       |       ||     7
         Lajatang          |       |       |       |       |     7 |       |       ||     7
         Staff             |       |       |       |       |     6 |       |       ||     6
         Demon trident     |       |       |       |       |       |       |   127 ||   127
         Hand axe          |       |       |       |       |       |       |     1 ||     1
   Cast: Sting             |    45 |    16 |    13 |     1 |       |       |       ||    75
         Poisonous Vapours |    11 |    34 |   140 |    60 |    66 |       |       ||   311
         Mephitic Cloud    |       |     3 |     5 |    36 |    32 |       |       ||    76
         Searing Ray       |       |       |    31 |    33 |     8 |       |       ||    72
         Olgreb's Toxic Ra |       |       |     9 |    94 |   127 |    11 |       ||   241
         Fulminant Prism   |       |       |       |    18 |    18 |       |       ||    36
         Iron Shot         |       |       |       |       |   270 |    76 |    17 ||   363
         Spellforged Servi |       |       |       |       |    38 |   201 |   127 ||   366
         Summon Cactus Gia |       |       |       |       |     6 |    83 |    14 ||   103
         Borgnjor's Vile C |       |       |       |       |       |    17 |   112 ||   129
         Yara's Violent Un |       |       |       |       |       |     4 |    10 ||    14
         Passage of Golubr |       |       |       |       |       |     2 |     1 ||     3
         Death Channel     |       |       |       |       |       |       |    17 ||    17
         Summon Forest     |       |       |       |       |       |       |     3 ||     3
 Invoke: Call Merchant     |       |       |       |     2 |     1 |     3 |       ||     6
Ability: Breathe Frost     |       |       |     7 |    12 |     9 |     3 |     1 ||    32
  Evoke: Wand              |       |     6 |     5 |     9 |     5 |     2 |     3 ||    30
         Lightning rod     |       |       |       |       |       |     3 |       ||     3
         Tin of tremorston |       |       |       |       |       |       |     2 ||     2
    Use: Scroll            |     3 |     1 |    15 |     9 |     6 |     9 |    13 ||    56
         Potion            |       |       |     2 |     3 |     1 |     1 |     1 ||     8
   Stab: Confused          |       |     2 |     1 |     7 |     5 |       |       ||    15
         Sleeping          |       |       |     1 |     3 |       |       |     1 ||     5
         Distracted        |       |       |     1 |       |     3 |    11 |    23 ||    38
         Paralysed         |       |       |       |     2 |       |       |       ||     2
 Armour: Skin              |    17 |    12 |   102 |    69 |   240 |    89 |   145 ||   674
  Dodge: Dodged            |    57 |    43 |   191 |   169 |   418 |   191 |   287 ||  1356
  Block: Other             |       |       |       |       |    24 |     6 |       ||    30
         Kite shield       |       |       |       |       |       |   230 |   437 ||   667

Illustrated notes

Table legend:
 A = Kills in this place as a percentage of kills in the entire game.
 B = Kills by you in this place as a percentage of kills by you in the entire game.
 C = Kills by friends in this place as a percentage of kills by friends in the entire game.
 D = Other kills in this place as a percentage of other kills in the entire game.
 E = Experience gained in this place as a percentage of experience gained in the entire game.
 F = Experience gained in this place divided by the number of levels of this place that you have seen.
                   A       B       C       D       E      F
               +-------+-------+-------+-------+-------+----------------------
         Total | 100.0 | 100.0 | 100.0 | 100.0 | 100.0 | 14824.3
       Dungeon |  23.4 |  30.9 |  14.6 |  12.5 |  13.1 | 5553.0
          Lair |  14.3 |  25.0 |   0.3 |  50.0 |  10.0 | 12736.4
        Shoals |  10.2 |   2.9 |  19.4 |   0.0 |  14.2 | 22564.2
     Snake Pit |  12.8 |   3.5 |  24.5 |   0.0 |  17.7 | 28241.5
  Orcish Mines |   8.8 |  14.7 |   1.9 |   4.2 |   3.2 | 10293.5
   Elven Halls |   5.3 |   3.9 |   6.9 |   4.2 |   9.2 | 29184.5
        Vaults |  13.7 |   6.4 |  22.6 |   8.3 |  24.2 | 38617.8
         Sewer |   2.5 |   4.7 |   0.0 |   0.0 |   0.0 | 298.0
       Ossuary |   1.8 |   3.3 |   0.0 |   0.0 |   0.2 | 1230.0
      Ice Cave |   0.8 |   1.5 |   0.0 |   0.0 |   0.5 | 3013.0
       Volcano |   1.2 |   1.7 |   0.0 |  20.8 |   1.2 | 7606.0
    Desolation |   5.2 |   1.6 |   9.8 |   0.0 |   6.5 | 41672.0
               +-------+-------+-------+-------+-------+----------------------

Table legend: (Time is in decaauts)
 A = Elapsed time spent in this place.
 B = Non-inter-level travel time spent in this place.
 C = Inter-level travel time spent in this place.
 D = Time resting spent in this place.
 E = Time spent auto-exploring this place.
 F = Levels seen in this place.
 G = Mean time per level.
                   A        B        C        D        E       F      G
               +--------+--------+--------+--------+--------+-----+--------+
         Total |  75785 |  72229 |   3556 |  19263 |  39272 |  43 | 1762.4 |
       Dungeon |  22733 |  21278 |   1455 |   4562 |  13277 |  15 | 1515.5 |
        Temple |     18 |      9 |      9 |      0 |      0 |   1 |   18.0 |
          Lair |  12872 |  12148 |    724 |   4244 |   5785 |   5 | 2574.4 |
        Shoals |   7888 |   7580 |    308 |   1041 |   5074 |   4 | 1972.0 |
     Snake Pit |   9451 |   9148 |    303 |   2743 |   4908 |   4 | 2362.8 |
  Orcish Mines |   5077 |   4775 |    302 |   2511 |   1377 |   2 | 2538.5 |
   Elven Halls |   2441 |   2361 |     80 |     61 |   1824 |   2 | 1220.5 |
        Vaults |   8559 |   8186 |    373 |   1212 |   5342 |   4 | 2139.8 |
        Bazaar |    290 |    290 |      0 |    170 |     66 |   1 |  290.0 |
         Sewer |   1232 |   1232 |      0 |    530 |    352 |   1 | 1232.0 |
       Ossuary |   1029 |   1029 |      0 |    330 |    412 |   1 | 1029.0 |
      Ice Cave |    754 |    754 |      0 |    523 |     44 |   1 |  754.0 |
       Volcano |   1092 |   1092 |      0 |    561 |    115 |   1 | 1092.0 |
    Desolation |   2343 |   2343 |      0 |    775 |    694 |   1 | 2343.0 |
               +--------+--------+--------+--------+--------+-----+--------+

Top non-repeatable levels by time:
  Lair:2: 4212 daAuts
 Snake:4: 3743 daAuts
Vaults:1: 3330 daAuts
  Lair:4: 3195 daAuts
Vaults:3: 3100 daAuts
Shoals:4: 3038 daAuts
 Snake:3: 2702 daAuts
  Lair:5: 2623 daAuts
   Orc:2: 2553 daAuts
   Orc:1: 2524 daAuts
Desolation: 2343 daAuts
    D:15: 2284 daAuts
Vaults:2: 2120 daAuts
    D:13: 2069 daAuts
Shoals:1: 2009 daAuts
